 Dungeon Crawl Stone Soup version 0.25.1-2-g60ff931df9 (webtiles) character file.

Game seed: 11851379225202265118

102 DerDa the Chopper (level 4, 0/41 HPs)
             Began as a Hill Orc Berserker on Sept 22, 2020.
             Was a Believer of Trog.
             Slain by an ogre
             ... wielding a +0 giant club
              (26 damage)
             ... on level 4 of the Dungeon.
             The game lasted 00:03:53 (2983 turns).

DerDa the Chopper (Hill Orc Berserker)              Turns: 2983, Time: 00:03:53

Health: 0/41       AC:  4    Str: 20    XL:     4   Next: 77%
Magic:  4/4        EV: 12    Int:  7    God:    Trog [**....]
Gold:   95         SH:  0    Dex: 10    Spells: 3/3 levels left

rFire    . . .     SeeInvis .   a - +0 hand axe
rCold    . . .     Gourm    .   (no shield)
rNeg     + . .     Faith    .   h - +0 leather armour (curse)
rPois    .         Spirit   .   (no helmet)
rElec    .         Reflect  .   i - +0 cloak
rCorr    .         Harm     .   (no gloves)
MR       .....                  (no boots)
Stlth    +.........             (no amulet)
HPRegen  0.13/turn              n - ring of positive energy
MPRegen  0.09/turn              (no ring)

@: no status effects
A: no striking features
a: Berserk, Trog's Hand, Renounce Religion


You were on level 4 of the Dungeon.
You worshipped Trog.
Trog was pleased with you.
You were hungry.

You visited 2 branches of the dungeon, and saw 6 of its levels.

You collected 95 gold pieces.

Inventory:

Hand Weapons
 a - a +0 hand axe (weapon)
Missiles
 m - 2 bolts
Armour
 b - a +0 animal skin
 g - a +0 scale mail
 h - a cursed +0 leather armour (worn)
 i - a +0 cloak (worn)
 l - a +0 tower shield
Jewellery
 n - a ring of positive energy (left hand)
Scrolls
 e - 2 scrolls of teleportation {unknown}
 f - a scroll of magic mapping
 j - a scroll of enchant armour
Potions
 d - a potion of berserk rage
 k - a potion of flight {unknown}
Comestibles
 c - 2 rations


   Skills:
 + Level 4.6 Fighting
 + Level 5.1 Axes
 + Level 2.8 Armour
 * Level 2.3 Dodging


You had 3 spell levels left.
You didn't know any spells.
Your spell library was empty.

Dungeon Overview and Level Annotations

Branches:
Dungeon (5/15)             Temple (1/1) D:4

Altars:
Ashenzari
Cheibriados
Dithmenos
Elyvilon
Fedhas
Hepliaklqana
Kikubaaqudgha
Okawaru
Ru
Sif Muna
Trog
Uskayaw
Wu Jian
Xom
Zin


Message History

You hit the ogre.
The ogre is heavily wounded.
The ogre closely misses you.
You closely miss the ogre.
The ogre is heavily wounded.
The ogre barely misses you.
A leopard gecko comes into view.
The leopard gecko hisses angrily.
You hit the ogre.
The ogre is severely wounded.
The ogre barely misses you.
You hit the ogre.
The ogre is almost dead.
The ogre closely misses you.
You completely miss the ogre.
The ogre is almost dead.
The leopard gecko hisses menacingly.
The ogre hits you with a +0 giant club!!
Ouch! That really hurt!
You die...

#############
##.....#.....##
#####.............##
#..................#
###'###..............#
#.....#.........@)...#
#.###.#.........O....#
ยง.'>#.+..............#
#.###.#..........l..##
#.....#......#.....##
###+###..#####.....#
....# ##. #......
....### #.......
......#


You could see an ogre and a leopard gecko.

Vanquished Creatures
  A hound (D:5)
  A gnoll (D:1)
  An adder (D:2)
  A worm (D:2)
  3 dart slugs
  A leopard gecko (D:1)
  An orc (D:4)
  2 ball pythons
  A giant cockroach (D:1)
  5 goblins
  7 hobgoblins
  5 kobolds
  2 quokkas (D:2)
  3 bats
  6 frilled lizards
  3 rats
43 creatures vanquished.

Notes
Turn   | Place    | Note
-------+----------+-------------------------------------------
     0 | D:1      | DerDa the Hill Orc Berserker began the quest for the Orb.
     0 | D:1      | Reached XP level 1. HP: 19/19 MP: 1/1
   284 | D:1      | Reached XP level 2. HP: 23/27 MP: 2/2
   682 | D:1      | Reached XP level 3. HP: 28/33 MP: 3/3
  1274 | D:2      | Reached ** piety under Trog
  1470 | D:2      | Reached XP level 4. HP: 24/41 MP: 4/4
  1672 | D:2      | Reached skill level 5 in Axes
  2385 | D:2      | Found a glowing silver altar of Zin.
  2576 | D:3      | You fall into a shaft and drop 2 floors!
  2576 | D:5      | Entered Level 5 of the Dungeon
  2704 | D:4      | Found a staircase to the Ecumenical Temple.
  2710 | Temple   | Entered the Ecumenical Temple
  2941 | D:4      | Noticed a phantom
  2971 | D:4      | Noticed an ogre
  2983 | D:4      | Slain by an ogre

Illustrated notes

Levels and vault maps discovered:
D:1:      psy_arrival_radial01, layout_basic
D:2:      layout_basic, zin_scriptorium
D:3:      layout_rooms, old_standard_altar, serial_corexii_hall,
          chequers_hall_statues_corner_a, chequers_hall_statues_wall_a,
          chequers_hall_statues_wall_a, chequers_hall_statues_corner_a,
          first_ration, grunt_ministairs_10, kennysheep_jessica_study,
          uniq_jessica, uniq_grinder
D:4:      layout_rooms, minmay_temple_entry_glassed_door,
          lexackson_kobold_supper
D:5:      layout_rooms, serial_curves, eino_curves_01, eino_curves_02,
          grunt_qazlal_sundering, uniq_blork_the_orc
Temple:   eino_temple_water

Skill      XL: |  1  2  3  4 |
---------------+-------------+-----
Fighting       | 4 |  4.6
Dodging        | 2 |  2.3
Axes           | 5 |  5.1
Armour         | |  2.8

Action                   |  1- 3 |  4- 6 || total
-------------------------+-------+-------++-------
Melee: Hand axe          |    93 |    82 ||   175
  Use: Scroll            |     3 |       ||     3
  Eat: Chunk             |     2 |     4 ||     6
Armor: Animal skin       |     2 |       ||     2
       Leather armour    |    12 |    10 ||    22
Dodge: Dodged            |    44 |    62 ||   106
